Map: Goldenaura LE

Players

NeoRemnant - Winner!

  • Race: Zerg Zerg
  • League: Platinum
  • Spawn Location: 12:00

Subwayeatn

  • Race: Zerg Zerg
  • League: Diamond
  • Spawn Location: 5:00

VOD

Have the link to the VOD?

Description

Time

  • Played on: Nov. 15, 2023, 10:47 a.m.
  • Length: 12:29
Show
View Real Time Build Order
Export as new Build Order

NeoRemnant Zerg - Winner!

Build Orders: 1 Base Baneling Bust, Pool First 

Get SALT Encoding   

  12  0:18  Spawning Pool  
  11  0:22  Drone  
  12  0:32  Drone x2  
  14  0:40  Overlord  
  14  0:47  Extractor x2  
  12  0:50  Drone  
  12  0:56  Drone  
  14  1:05  Zergling x2  
  15  1:14  Queen  
  15  1:17  Zergling x2  
  18  1:27  Zergling x2  
  18  1:31  Baneling Nest  
  18  1:37  Zergling x2  
  19  1:48  Drone  
  20  1:58  Lair  
  20  2:00  Drone  
  21  2:21  Baneling x2  
  21  2:23  Zergling x2  
  21  2:26  Spine Crawler  
  20  2:59  Metabolic Boost  
  20  3:04  Baneling x2  
  20  3:06  Zergling x4  
  21  3:33  Baneling  
  20  3:43  Drone x2  
  20  3:44  Overlord x2  
  20  3:46  Baneling  
  21  4:12  Baneling  
  21  4:14  Drone  
  21  4:15  Drone x5, Spine Crawler  
  26  4:23  Pneumatized Carapace  
  26  4:39  Baneling x3  
  26  4:45  Drone  
  27  4:49  Spire  
  26  4:53  Overseer  
  25  5:28  Zergling x6  
  26  5:46  Drone  
  27  6:08  Hatchery  
  27  6:09  Drone x2  
  28  6:19  Drone, Spine Crawler  
  27  6:34  Drone  
  27  6:35  Drone  
  27  6:37  Baneling  
  27  6:38  Baneling  
  29  6:55  Evolution Chamber  
  29  6:57  Evolution Chamber  
  27  7:01  Drone  
  27  7:02  Drone x3  
  31  7:13  Mutalisk, Zerg Flyer Weapons Level 1  
  33  7:16  Mutalisk  
  33  7:33  Mutalisk  
  35  7:44  Drone  
  35  7:45  Overlord x3  
  35  7:46  Overlord x2  
  36  8:07  Mutalisk x4  
  44  8:24  Mutalisk x2  
  48  8:44  Mutalisk x2  
  52  9:02  Mutalisk  
  54  9:06  Drone x5  
  54  9:07  Drone x3, Queen x2  
  66  9:35  Zerg Flyer Weapons Level 2  
  66  9:44  Drone  
  66  9:45  Drone x2  
  69  9:48  Extractor  
  69  9:49  Extractor  
  69  9:50  Spore Crawler x2  
  69  9:51  Spore Crawler  
  64  9:54  Spore Crawler  
  63  10:08  Mutalisk  
  63  10:11  Mutalisk  
  63  10:13  Drone x3  
  63  10:14  Drone x2  
  72  10:15  Drone  
  73  10:35  Spore Crawler  
  73  10:36  Spore Crawler  
  73  10:38  Spore Crawler x3  
  73  10:40  Spore Crawler  
  73  10:41  Hatchery  
  66  11:13  Zergling x20  
  73  11:40  Overlord x4  
  73  11:43  Zergling x6  
  73  11:45  Baneling x3  
Show
View Real Time Build Order
Export as new Build Order

Subwayeatn Zerg 

Build Orders: Pool First 

Get SALT Encoding   

  12  0:00  Drone  
  13  0:09  Drone  
  13  0:13  Extractor  
  13  0:28  Spawning Pool  
  12  0:57  Hatchery  
  11  1:15  Queen  
  13  1:24  Overlord  
  13  1:34  Metabolic Boost  
  13  1:40  Zergling x2  
  13  1:45  Zergling x2  
  15  1:49  Zergling x2  
  16  1:55  Zergling x2  
  17  2:02  Zergling x2  
  18  2:10  Zergling x2  
  18  2:14  Zergling x2  
  20  2:20  Queen  
  22  2:30  Zergling x4  
  22  2:35  Zergling x2  
  25  2:40  Zergling x2  
  24  3:01  Zergling x8  
  22  3:44  Drone x5  
  22  3:45  Drone  
  21  4:18  Evolution Chamber  
  21  4:20  Evolution Chamber  
  21  4:23  Spine Crawler  
  18  4:32  Drone x8, Roach Warren  
  25  4:55  Overlord  
  25  5:06  Drone x3  
  28  5:18  Drone x8  
  36  5:22  Extractor  
  35  5:32  Overlord  
  35  5:39  Spine Crawler  
  34  5:43  Lair  
  34  5:53  Roach, Zerg Missile Weapons Level 1  
  34  5:54  Roach x3  
  42  6:01  Drone x2  
  44  6:06  Overlord  
  44  6:09  Overlord  
  44  6:36  Queen  
  44  6:38  Zerg Ground Armor Level 1  
  46  6:40  Drone  
  46  6:41  Drone  
  46  6:42  Drone x2  
  46  6:44  Drone x2  
  46  6:45  Glial Reconstitution  
  52  6:48  Drone  
  53  6:56  Spine Crawler  
  53  6:57  Queen  
  54  7:04  Drone  
  54  7:05  Drone, Spore Crawler  
  54  7:07  Extractor  
  54  7:10  Drone  
  55  7:16  Roach x2  
  59  7:23  Hatchery  
  52  7:32  Drone x5  
  57  7:40  Overseer  
  57  7:52  Drone  
  57  7:53  Drone x2  
  57  7:56  Overlord x3  
  60  8:01  Overseer  
  60  8:19  Roach x4  
  72  8:20  Roach x2  
  70  8:42  Spore Crawler  
  70  8:43  Hydralisk Den  
  70  8:45  Spore Crawler x2  
  68  8:48  Roach  
  68  8:49  Roach x10  
  84  8:56  Spore Crawler  
  84  9:02  Zerg Missile Weapons Level 2, Queen  
  81  9:09  Overlord  
  79  9:23  Drone x4  
  79  9:25  Hydralisk x2  
  79  9:27  Extractor  
  79  9:28  Grooved Spines  
  78  9:33  Overlord  
  78  9:35  Overseer  
  78  9:38  Drone x3  
  77  9:49  Overlord  
  76  9:53  Spore Crawler  
  76  9:58  Hydralisk x3  
  76  9:59  Hydralisk  
  78  10:06  Hydralisk  
  78  10:09  Hydralisk  
  78  10:11  Hydralisk  
  82  10:18  Muscular Augments  
  82  10:28  Hydralisk x2  
  84  10:44  Overlord x3  
  84  10:45  Overlord  
  84  11:03  Hydralisk  
  82  11:04  Hydralisk x6  
  82  11:10  Drone x2  
  96  11:29  Drone x4  
  96  11:30  Drone x3  
  96  11:31  Spore Crawler  
  102  11:50  Hydralisk x3  
Tags
 
Add a new tag
Caveats
  • Supply blocks, unpowered buildings, or Contaminate may cause inaccurate times.
  • Supply counts are checked every 10 seconds.